 Dungeon Crawl Stone Soup version 0.28.0 (webtiles) character file.

Game seed: 9386794832026633599

280 mopl the Chopper (level 6, -4/47 HPs)
             Began as a Demonspawn Fighter on Feb 14, 2022.
             Was a Believer of Okawaru.
             Slain by a gnoll (7 damage)
             ... on level 4 of the Dungeon.
             The game lasted 00:03:42 (3127 turns).

mopl the Chopper (Demonspawn Fighter)               Turns: 3127, Time: 00:03:42

Health: -4/47      AC:  6    Str: 19    XL:     6   Next: 5%
Magic:  9/9        EV:  5    Int:  9    God:    Okawaru [**....]
Gold:   12         SH:  0    Dex: 12    Spells: 5/5 levels left

rFire   . . .      SeeInvis .   a - +0 war axe
rCold   . . .      Faith    .   c - +0 buckler
rNeg    . . .      Spirit   .   b - +0 scale mail
rPois   .          Reflect  .   (no helmet)
rElec   .          Harm     .   (no cloak)
rCorr   .          Rampage  .   (no gloves)
Will    +....                   (no boots)
Stlth   ..........              (no amulet)
HPRegen 0.15/turn               j - ring of willpower
MPRegen 0.11/turn               (no ring)

@: held
A: large bone plates 2, spiny 1, demonic magic 1, weakness stinger 1
a: Renounce Religion, Heroism


You were on level 4 of the Dungeon.
You worshipped Okawaru.
Okawaru was pleased with you.
You visited 1 branch of the dungeon, and saw 4 of its levels.

You collected 183 gold pieces.
You spent 171 gold pieces at shops.

Inventory:

Hand Weapons
 a - a +0 war axe (weapon)
Missiles
 k - 2 poisoned darts (quivered)
 m - 2 boomerangs
Armour
 b - a +0 scale mail (worn)
 c - a +0 buckler (worn)
Jewellery
 j - a ring of willpower (left hand)
Scrolls
 g - 2 scrolls of immolation {unknown}
 i - a scroll of enchant weapon {unknown}
 l - 4 scrolls of teleportation
 n - a scroll of amnesia {unknown}
 o - a scroll of summoning {unknown}
 p - a scroll of magic mapping {unknown}
 q - a scroll of fear
Potions
 d - 2 potions of might
 e - 3 potions of heal wounds
 h - a potion of mutation {!q}


   Skills:
 - Level 3.0 Fighting
 + Level 4.8 Axes
 - Level 2.6 Armour
 - Level 2.6 Shields
 + Level 4.5 Invocations


You had 5 spell levels left.
You didn't know any spells.
Your spell library was empty.

Dungeon Overview and Level Annotations

Branches:
Dungeon (4/15)
 Temple: D:4-7

Altars:
Okawaru

Shops:
D:3 *?:==


Innate Abilities, Weirdness & Mutations

You are mostly covered in large bone plates. (SH +6)
You are partially covered in sharp spines.
Spells you cast may paralyse adjacent enemies.
You have a small tail.


Message History

Okawaru accepts your kill. The gnoll closely misses you.
The gnoll barely misses you.
Unknown command.
You slash the gnoll shaman!
You tail-slap the gnoll shaman, but do no damage.
The gnoll shaman is moderately wounded.
The gnoll barely misses you.
The gnoll shaman hits you with a +0 club.
You block the gnoll's attack.
You hit the gnoll shaman.
The gnoll shaman is heavily wounded.
You block the gnoll's attack.
The gnoll throws a throwing net.
The throwing net hits you.
You become entangled in the net!
Unknown command.
You are held in a net!
Unknown command.
You are held in a net!
You struggle against the net.
The gnoll hits you but does no damage.
The gnoll shaman hits you with a +0 club.
The gnoll hits you but does no damage.
Unknown command.
You tear a large gash into the net.
The gnoll hits you from afar with a +0 spear.
The gnoll shaman hits you with a +0 club.
The gnoll hits you from afar with a +0 halberd.
Unknown command.
You struggle against the net.
The gnoll hits you from afar with a +0 spear.
The gnoll shaman completely misses you.
The gnoll hits you from afar with a +0 halberd.
* * * LOW HITPOINT WARNING * * *
You struggle against the net.
The gnoll hits you from afar with a +0 spear.
* * * LOW HITPOINT WARNING * * *
The gnoll shaman hits you with a +0 club.
* * * LOW HITPOINT WARNING * * *
The gnoll hits you from afar with a +0 halberd!
* * * LOW HITPOINT WARNING * * *
The gnoll hits you from afar with a +0 spear!
You die...

#g.# ##..# ##g#
##.## #.## #..#
#.r# #..## #..#
##...##... #.g#
##.......# #..#
###.......##
#.g###.<......##
#.g)@........##
#.g†g.........#
#..............#
.........####.....#
#....#....# #.....
##..#....## .....
#..#....# ...
#..#...##


You could see a gnoll shaman and 3 gnolls.

Vanquished Creatures
  An ice beast (D:3)
  An orc wizard (D:3)
  2 gnolls (D:4)
  5 adders (D:2)
  3 worms
  A dart slug (D:1)
  5 orcs
  7 endoplasms
  5 giant cockroaches
  3 goblins
  11 hobgoblins
  2 jackals (D:1)
  A quokka (D:4)
  9 ball pythons
  10 bats
  4 frilled lizards
  7 kobolds
  2 rats
79 creatures vanquished.

Notes
Turn   | Place    | Note
-------+----------+-------------------------------------------
     0 | D:1      | mopl the Demonspawn Fighter began the quest for the Orb.
     0 | D:1      | Reached XP level 1. HP: 18/18 MP: 1/1
    62 | D:1      | Reached skill level 2 in Axes
    97 | D:1      | Gained mutation: You are partially covered in sharp spines.
                  | [demonic ancestry]
    97 | D:1      | Reached XP level 2. HP: 22/24 MP: 2/2
   208 | D:1      | Reached skill level 3 in Axes
   271 | D:1      | Gained mutation: Spells you cast may paralyse adjacent
                  | enemies. [demonic ancestry]
   271 | D:1      | Reached XP level 3. HP: 27/29 MP: 3/3
   399 | D:1      | Found a faded altar of an unknown god.
   414 | D:1      | Prayed at the altar of an unknown god.
   414 | D:1      | Became a worshipper of Warmaster Okawaru
   414 | D:1      | Reached * piety under Okawaru
   685 | D:2      | Reached skill level 1 in Invocations
   768 | D:2      | Gained mutation: You are partially covered in large bone
                  | plates. (SH +4) [demonic ancestry]
   768 | D:2      | Reached XP level 4. HP: 26/35 MP: 3/5
  1043 | D:2      | Reached skill level 2 in Invocations
  1556 | D:2      | Reached skill level 4 in Axes
  1927 | D:3      | Found Asokk's Book Boutique.
  1963 | D:3      | Found Ynibbix's Jewellery Boutique.
  2075 | D:3      | Noticed an ice beast
  2085 | D:3      | Killed an ice beast
  2085 | D:3      | Reached ** piety under Okawaru
  2086 | D:3      | Reached skill level 3 in Invocations
  2086 | D:3      | Gained mutation: You have a small tail. [demonic ancestry]
  2086 | D:3      | Reached XP level 5. HP: 16/41 MP: 7/7
  2285 | D:3      | Found Butid's Assorted Antiques.
  2294 | D:3      | Bought a brown potion for 24 gold pieces
  2294 | D:3      | Bought a scroll labelled XABIDI ALYES for 27 gold pieces
  2294 | D:3      | Bought a scroll labelled YROEXKEOKI for 27 gold pieces
  2342 | D:3      | Reached skill level 4 in Invocations
  2730 | D:3      | Found Gepehuaf's Magic Scroll Emporium.
  2761 | D:3      | Bought a scroll of identify for 22 gold pieces
  2761 | D:3      | Bought a scroll of teleportation for 33 gold pieces
  2761 | D:3      | Bought a scroll of fear for 38 gold pieces
  2969 | D:3      | Found Exafily's Jewellery Shop.
  3117 | D:4      | Gained mutation: You are mostly covered in large bone
                  | plates. (SH +6) [demonic ancestry]
  3117 | D:4      | Reached XP level 6. HP: 46/47 MP: 9/9
  3127 | D:4      | Slain by a gnoll

Illustrated notes

Levels and vault maps discovered:
D:1:      giann_wishing_wells, layout_rooms, shapermc_ecumenical_altar_ellora,
          hangedman_decor_riveting
D:2:      layout_basic, serial_co_window_serial, co_window_of_opportunity_a,
          co_window_corner_a, co_window_paths_b, co_window_paths_a,
          co_window_of_opportunity_a, co_window_corner_a, co_window_paths_b,
          co_window_corner_a, co_window_paths_b, co_window_unsneaky_path_a,
          co_window_corner_ca, co_window_broadway_c, co_window_2corner,
          co_window_broadway_a, co_window_broadway_c, glass_columns_a,
          glass_columns_b, glass_columns_b, glass_columns_a
D:3:      layout_basic, serial_shops, shop, shop_coins,
          nicolae_shop_window_shopping, nicolae_shop_statue_plus,
          nicolae_shop_stone
D:4:      layout_layer_cave, minmay_close_crescents

Skill      XL: |  1  2  3  4  5 |
---------------+----------------+-----
Axes           | 2 3 4 |  4.8
Invocations    | 1 3 4 |  4.5
Fighting       | |  3.0
Armour         | |  2.6
Shields        | |  2.6

Action                   |  1- 3 |  4- 6 || total
-------------------------+-------+-------++-------
Melee: War axe           |    68 |    79 ||   147
       Tailslap          |       |     5 ||     5
  Use: Scroll            |       |     3 ||     3
Armor: Scale mail        |    32 |    19 ||    51
Dodge: Dodged            |    24 |    27 ||    51
Block: Buckler           |    18 |    37 ||    55
